 Dungeon Crawl Stone Soup version 0.21-a0-265-gb353147 (webtiles) character file.

7 4thArraOfDagon the Vexing (level 2, 0/21 HPs)
             Began as a Barachi Arcane Marksman on Sept 11, 2017.
             Slain by a worm (9 damage)
             ... on level 3 of the Dungeon.
             The game lasted 00:00:47 (160 turns).

4thArraOfDagon the Vexing (Barachi Arcane Marksman)  Turns: 160, Time: 00:00:48

Health: 0/21       AC:  3    Str: 11    XL:     2   Next: 4%
Magic:  3/3        EV: 12    Int: 13    God:
Gold:   37         SH:  0    Dex: 12    Spells: 2/3 levels left

rFire    . . .     SeeInvis .   a - +0 hand crossbow
rCold    . . .     Gourm    .   (no shield)
rNeg     . . .     Faith    .   e - +0 robe
rPois    .         Spirit   .   (no helmet)
rElec    .         Reflect  .   (no cloak)
rCorr    .         Harm     .   b - +0 pair of gloves
MR       .....                  (no boots)
Stlth    +.........             (no amulet)
HPRegen  0.07/turn              (no ring)
MPRegen  0.08/turn              (no ring)

@: can't hop, slow
A: +LOS, swims, slowness 1, strong legs 1
a: Hop


You were on level 3 of the Dungeon.
You were not hungry.

You visited 1 branch of the dungeon, and saw 3 of its levels.

You collected 37 gold pieces.

Inventory:

Hand Weapons
 a - a +0 hand crossbow (weapon)
 h - a +0 flail
Missiles
 d - 18 bolts (quivered)
Armour
 b - a +0 pair of gloves (worn)
 e - a +0 robe (worn)
Scrolls
 g - a scroll of noise {unknown}
 i - 3 scrolls of random uselessness {unknown}
Potions
 j - a potion of brilliance {unknown}
Books
 c - a book of Debilitation

   Spells                             Type                      Level
   a - Corona                         Hexes                        1
   b - Slow                           Hexes                        2
   c - Inner Flame                    Hexes/Fire                   3
   d - Portal Projectile              Hexes/Translocation          3
   e - Cause Fear                     Hexes                        4
   f - Leda's Liquefaction            Hexes/Earth                  4
Comestibles
 f - a bread ration


   Skills:
 - Level 1.2 Fighting
 * Level 2.7 Crossbows
 - Level 2.1 Dodging
 - Level 1.1 Spellcasting
 - Level 3.2 Hexes


You had 2 spell levels left.
You knew the following spells:

 Your Spells              Type           Power        Failure   Level  Hunger
a - Corona                Hex            #......      8%          1    ##.....


Dungeon Overview and Level Annotations

Branches:
Dungeon (3/15)

Altars:


Innate Abilities, Weirdness & Mutations

Shadows flee at your approach. (+LOS)
You can swim through water.
You cover ground slowly.
You can hop short distances.


Message History

Aim: a worm (sparse dust, moderately wounded)
You shoot a bolt. The bolt barely misses the worm.
Firing (i - inventory):
d - 21 bolts (quivered)
Press: ? - help, Shift-Dir - straight line, f/p - worm
Aim: a worm (lightly wounded)
You shoot a bolt.
The bolt hits the worm but does no damage.
The worm is lightly wounded.
Firing (i - inventory):
d - 20 bolts (quivered)
Press: ? - help, Shift-Dir - straight line, f/p - worm
Aim: a worm (lightly wounded)
You shoot a bolt. The bolt hits the worm!
The worm is heavily wounded.
Firing (i - inventory):
d - 19 bolts (quivered)
Press: ? - help, Shift-Dir - straight line, f/p - worm
Aim: a worm (heavily wounded)
You shoot a bolt. The bolt hits the worm.
The worm is severely wounded.
The worm bites you!
You die...

#### ##8#. ....#
# ...# .?. ..#
#.... #.###.....
# ###.....# #...
#.###.(w@# ####
#... #....(..(#
##..# 8...
##((...#.# #..##
#...
#..###...#####.##
#... #<#
##....##..# ##...
#.. #.#...#.##
8... ...
#.#......### #...
..# #.###......##
##... #..
#.#####.##..#
#..##


You could see a worm.

Vanquished Creatures
  A goblin (D:2)
  3 hobgoblins
  A kobold (D:1)
  A rat (D:2)
6 creatures vanquished.

Notes
Turn   | Place    | Note
-------+----------+-------------------------------------------
     0 | D:1      | 4thArraOfDagon the Barachi Arcane Marksman began the quest for the Orb.
     0 | D:1      | Reached XP level 1. HP: 15/15 MP: 2/2
   153 | D:3      | Reached XP level 2. HP: 14/21 MP: 3/3
   160 | D:3      | Slain by a worm

Vault maps used:
D:1:      dpeg_arrival_water_temple_mockup, minivault_24, minmay_tripent
D:2:      gammafunk_temple_overflow_statue, first_bread
D:3:      serial_corexii_hall, corexii_hall_statues_x, corexii_hall_statues_t,
          tso_metal_star, uniq_sigmund, uniq_jessica

Action                   || total
-------------------------++-------
 Fire: Hand crossbow     ||    25
 Abil: Hop               ||     1
Armor: Robe              ||     1
Dodge: Dodged            ||     4

Table legend:
 A = Spawn XP
 B = Non-spawn XP
 C = Spawn XP percentage of total XP
 D = Spawn monster count
 E = Non-spawn monster count
 F = Spawn count percentage of total count
 G = Total turns spent on level
                    A         B        C        D         E        F      G
               +---------+---------+-------+---------+---------+-------+---------
         Total |       0 |      11 |   0.0 |       0 |       6 |   0.0 |   160
               +---------+---------+-------+---------+---------+-------+---------
           D:1 |       0 |       4 |   0.0 |       0 |       2 |   0.0 |    38
           D:2 |       0 |       5 |   0.0 |       0 |       3 |   0.0 |    54
           D:3 |       0 |       2 |   0.0 |       0 |       1 |   0.0 |    68
               +---------+---------+-------+---------+---------+-------+---------
